 Dungeon Crawl Stone Soup version 0.26.1 (webtiles) character file.

Game seed: 10160467435534268321

36 Wertik the Shield-Bearer (level 3, 0/36 HPs)
             Began as a Troll Fighter on Feb 6, 2021.
             Slain by a worm (7 damage)
             ... on level 2 of the Dungeon.
             The game lasted 00:11:58 (816 turns).

Wertik the Shield-Bearer (Troll Fighter)             Turns: 816, Time: 00:11:59

Health: 0/36       AC:  6    Str: 25    XL:     3   Next: 19%
Magic:  2/2        EV:  8    Int:  4    God:
Gold:   70         SH:  0    Dex:  9    Spells: 2/2 levels left

rFire    . . .     SeeInvis .   j - +0 mace
rCold    . . .     Faith    .   c - +0 kite shield
rNeg     . . .     Spirit   .   b - +0 robe
rPois    .         Reflect  .   (helmet restricted)
rElec    .         Harm     .   (no cloak)
rCorr    .         Rampage  .   (gloves unavailable)
Will     .....                  (boots unavailable)
Stlth    +.........             (no amulet)
HPRegen  0.52/turn              (no ring)
MPRegen  0.08/turn              (no ring)

@: confused, mighty
A: large, unfitting armour, claws 3, regeneration 1, shaggy fur 1, tough skin 3
a: no special abilities


You were on level 2 of the Dungeon.
You visited 1 branch of the dungeon, and saw 2 of its levels.

You collected 70 gold pieces.

Inventory:

Hand Weapons
 a - a +0 flail
 e - a +0 hunting sling
 i - a +0 hand axe
 j - a +0 mace (weapon)
Missiles
 h - 91 stones (quivered)
Armour
 b - a +0 robe (worn)
 c - a +0 kite shield (worn)
 m - a +0 robe
Scrolls
 f - a scroll of enchant armour {unknown}
 g - a scroll of enchant weapon {unknown}
 k - a scroll of identify {unknown}
 l - a scroll of teleportation {unknown}
Potions
 d - 2 potions of might
 n - a potion of brilliance {unknown}


   Skills:
 + Level 2.5 Fighting
 + Level 2.3 Maces & Flails
 + Level 2.7 Dodging
 + Level 0.1 Stealth
 + Level 2.8 Shields


You had 2 spell levels left.
You didn't know any spells.
Your spell library was empty.

Dungeon Overview and Level Annotations

Branches:
Dungeon (2/15)

Altars:

Annotations:
D:2 Sigmund


Innate Abilities, Weirdness & Mutations

You are too large for most types of armour.
You have claws for hands.
Your natural rate of healing is unusually fast.
You are covered in fur. (AC +1)
You have extremely tough skin. (AC +3)


Message History

In your confused state, you trip and fall back down the stairs.
The worm bites you!
You closely miss the worm.
Sigmund breathes a few words.
Sigmund's hands start flickering wildly.
Sigmund barely misses you. The worm bites you but does no damage.
You feel very mighty all of a sudden.
You feel less confused.
Sigmund says, "Now you see me, now you don't..."
Sigmund casts a spell at himself.
Sigmund flickers and vanishes!
You hit the worm but do no damage. Something hits you. The worm bites you!
You hit the worm.
The worm is lightly wounded.
Something hits you but does no damage. The worm barely misses you.
You hear some strange, mumbled words.
You are confused.
The worm bites you. Something hits you!
* * * LOW HITPOINT WARNING * * *
The worm bites you!
You die...

..##...<รท..#
#.###.#....#
#.##.......#
##..........#
####.####.........### .#
...................##..#
w......##..............#
##.....##.....w........#
#..@.........@.....#.##
#.....##...........# #
#.....#............#
#.(.....##...........#
......###.............
.# #..............
#..............
#...........##


You could see a worm.

Vanquished Creatures
  2 adders (D:1)
  A giant cockroach (D:1)
  4 goblins (D:1)
  3 hobgoblins (D:1)
  3 bats
  A frilled lizard (D:2)
  2 kobolds (D:1)
  4 rats
20 creatures vanquished.

Notes
Turn   | Place    | Note
-------+----------+-------------------------------------------
     0 | D:1      | Wertik the Troll Fighter began the quest for the Orb.
     0 | D:1      | Reached XP level 1. HP: 22/22 MP: 0/0
   391 | D:2      | Reached XP level 2. HP: 29/29 MP: 1/1
   747 | D:2      | Noticed Sigmund
   765 | D:1      | Reached XP level 3. HP: 31/36 MP: 2/2
   816 | D:2      | Slain by a worm

Illustrated notes

Levels and vault maps discovered:
D:1:      eino_arrival_cavern_c, layout_basic
D:2:      layout_rooms, uniq_sigmund, uniq_terence

Skill      XL: |  1 |
---------------+----+-----
Maces & Flails | 2 |  2.3
Fighting       | |  2.5
Dodging        | |  2.7
Stealth        | |  0.1
Shields        | |  2.8

Action                   || total
-------------------------++-------
Melee: Mace              ||    54
       Flail             ||    10
  Use: Potion            ||     1
Armor: Robe              ||    30
Dodge: Dodged            ||    24
Block: Kite shield       ||    33
